Map: Jagannatha LE

Players

HellraiseR - Winner!

  • Race: Protoss Protoss
  • Spawn Location: 1:00

Ziggy

  • Race: Terran Terran
  • Spawn Location: 7:00

Event: DreamHack SC2 Masters 2020 Winter

VOD

Have the link to the VOD?

Description

Time

  • Played on: Oct. 30, 2020, 12:06 p.m.
  • Length: 9:04

All games in this series

Show
View Real Time Build Order
Export as new Build Order

HellraiseR Protoss - Winner!

Build Orders: 1 Gate Expand, Colossus Rush 

Get SALT Encoding   

  12  0:00  Probe  
  13  0:12  Probe  
  14  0:17  Pylon  
  14  0:24  Probe (Chrono Boost)  
  15  0:37  Probe (Chrono Boost)  
  15  0:38  Gateway  
  16  0:44  Probe (Chrono Boost)  
  17  0:50  Assimilator  
  17  0:51  Probe  
  18  1:03  Probe  
  19  1:15  Probe  
  20  1:25  Cybernetics Core  
  20  1:35  Nexus  
  20  1:43  Pylon  
  20  1:45  Probe  
  23  1:59  Adept (Chrono Boost)  
  23  2:00  Probe  
  22  2:02  Warp Gate  
  24  2:13  Probe (Chrono Boost)  
  25  2:21  Stalker  
  28  2:24  Probe (Chrono Boost)  
  28  2:25  Assimilator  
  28  2:29  Probe (Chrono Boost)  
  29  2:41  Probe (Chrono Boost)  
  30  2:45  Robotics Facility  
  30  2:46  Probe (Chrono Boost)  
  32  2:55  Stalker  
  32  2:56  Probe x2 (Chrono Boost)  
  35  3:01  Probe (Chrono Boost)  
  35  3:03  Probe  
  37  3:12  Gateway  
  37  3:15  Gateway  
  37  3:16  Probe  
  37  3:18  Probe  
  39  3:27  Pylon  
  39  3:28  Probe  
  39  3:30  Probe  
  39  3:32  Observer (Chrono Boost)  
  42  3:40  Probe  
  43  3:43  Probe  
  43  3:44  Warp Prism (Chrono Boost)  
  46  3:52  Robotics Bay, Probe  
  46  3:55  Probe  
  48  3:58  Adept  
  48  4:01  Pylon  
  50  4:04  Probe  
  50  4:07  Probe  
  50  4:08  Adept  
  54  4:13  Pylon  
  54  4:19  Assimilator, Observer, Probe x2  
  54  4:21  Assimilator  
  57  4:24  Stalker  
  59  4:31  Probe x2  
  61  4:44  Colossus (Chrono Boost), Pylon  
  67  4:54  Observer  
  67  4:55  Gateway  
  67  4:59  Forge, Twilight Council  
  67  5:03  Probe  
  68  5:07  Shield Battery  
  68  5:14  Extended Thermal Lance (Chrono Boost)  
  68  5:21  Gateway x2, Pylon  
  67  5:27  Shield Battery  
  67  5:28  Colossus (Chrono Boost)  
  67  5:35  Charge (Chrono Boost)  
  73  5:45  Zealot x3  
  79  5:51  Shield Battery  
  79  5:55  Photon Cannon  
  79  6:07  Zealot x2  
  79  6:08  Zealot  
  85  6:11  Pylon  
  85  6:13  Protoss Ground Weapons Level 1 (Chrono Boost), Dark Shrine  
  85  6:14  Pylon  
  80  6:32  Probe  
  80  6:34  Pylon, Zealot x4  
  80  6:39  Shield Battery  
  84  6:50  Observer  
  84  6:53  Gateway  
  83  6:54  Pylon  
  83  6:55  Zealot x4  
  91  7:03  Probe x2  
  86  7:16  Warp Prism (Chrono Boost)  
  89  7:24  Stalker x2, Sentry x2  
  95  7:36  Pylon  
  95  7:39  Shield Battery  
  95  7:41  Photon Cannon  
  95  7:45  Observer  
  95  7:49  Nexus  
  96  7:58  Probe x2  
  98  8:00  Photon Cannon  
  98  8:03  Shield Battery  
  98  8:08  Photon Cannon  
  98  8:15  Dark Templar x3  
  98  8:16  Dark Templar  
  107  8:27  Probe  
  108  8:39  Probe  
  108  8:40  Observer  
  108  8:42  Pylon  
  108  8:44  Pylon  
  108  8:54  Stalker x3  
  108  8:55  Stalker  
Show
View Real Time Build Order
Export as new Build Order

Ziggy Terran 

Build Orders: Reaper Expand 

Get SALT Encoding   

  12  0:00  SCV  
  13  0:12  SCV  
  14  0:17  Supply Depot  
  14  0:24  SCV  
  15  0:38  SCV  
  15  0:40  Barracks  
  16  0:43  Refinery  
  16  0:50  SCV  
  17  1:03  SCV  
  18  1:15  SCV  
  19  1:28  Orbital Command, Reaper  
  20  1:45  Refinery  
  20  1:52  Command Center  
  20  1:57  SCV  
  20  2:00  Marine  
  22  2:10  Supply Depot, SCV  
  23  2:20  Factory  
  23  2:21  Barracks Reactor  
  23  2:31  SCV  
  24  2:37  Barracks  
  24  2:41  Refinery  
  24  2:43  SCV  
  25  2:55  SCV  
  25  2:56  Supply Depot  
  25  2:58  Marine x2  
  28  3:04  Orbital Command  
  28  3:06  Factory Tech Lab  
  28  3:07  SCV  
  29  3:16  Marine x2  
  29  3:19  SCV  
  32  3:26  Barracks Tech Lab  
  35  3:29  SCV  
  35  3:32  SCV  
  37  3:36  Siege Tank  
  37  3:37  Marine x2  
  40  3:41  SCV  
  40  3:42  Refinery  
  40  3:44  SCV  
  40  3:46  Stimpack  
  40  3:47  Marine  
  42  3:53  SCV  
  42  3:54  Marine  
  42  3:55  Marine  
  45  3:56  SCV  
  46  4:03  Barracks  
  46  4:05  SCV  
  46  4:08  SCV  
  48  4:12  Siege Tank  
  48  4:17  Supply Depot, SCV  
  51  4:21  Supply Depot  
  51  4:23  SCV  
  53  4:24  Marine  
  54  4:38  Marine x2, SCV x2  
  57  4:44  Marine, Siege Tank  
  62  4:50  SCV x2  
  62  4:51  Barracks Tech Lab  
  63  4:56  Marine x2  
  63  4:59  Starport  
  65  5:02  Marine, SCV x2  
  68  5:08  Supply Depot  
  68  5:13  Supply Depot  
  68  5:14  Marine x2  
  70  5:25  Combat Shield  
  70  5:30  Marine x2, SCV x2  
  70  5:31  Supply Depot  
  70  5:32  Marauder  
  70  5:33  Factory Reactor  
  70  5:34  Concussive Shells  
  70  5:35  Starport Reactor  
  76  5:41  Engineering Bay  
  76  5:42  SCV  
  77  5:43  SCV  
  74  5:52  Marine x2, Bunker  
  74  5:54  SCV  
  72  6:03  SCV  
  67  6:05  Marine, Marauder  
  67  6:06  SCV  
  71  6:15  SCV, Marine x2  
  71  6:16  Medivac  
  72  6:20  SCV  
  72  6:23  Marauder  
  73  6:26  Marine  
  73  6:27  SCV  
  66  6:33  SCV, Marine  
  66  6:39  SCV, Marine  
  66  6:45  SCV, Marauder x2  
  65  6:52  SCV  
  66  6:58  SCV  
  66  7:04  SCV, Marine  
  59  7:10  SCV  
  59  7:15  Marine, Marauder  
  53  7:16  SCV  
  53  7:20  Marine  
  53  7:22  Marine, SCV  
  57  7:25  Medivac  
  57  7:27  Medivac  
  57  7:28  SCV  
  62  7:34  Widow Mine x2, SCV  
  62  7:37  Marauder, Bunker  
  69  7:39  Marine x2  
  69  7:41  SCV  
  72  7:48  SCV  
  72  7:49  Bunker  
  73  7:51  Marine  
  73  7:54  SCV  
  73  7:56  Widow Mine  
  73  7:57  Marine  
  78  8:00  SCV  
  78  8:02  Medivac  
  81  8:06  Medivac  
  81  8:08  SCV  
  81  8:09  Marine, Refinery  
  85  8:12  SCV  
  85  8:18  Marine x2  
  85  8:19  Marauder  
  90  8:20  SCV  
  90  8:25  SCV  
  92  8:27  Marine  
  92  8:31  Supply Depot  
  92  8:32  SCV  
  92  8:33  Widow Mine x2  
  98  8:37  SCV  
  98  8:38  Missile Turret  
  98  8:40  Marauder  
  98  8:41  Missile Turret, Marine  
Tags
 
Add a new tag
Caveats
  • Supply blocks, unpowered buildings, or Contaminate may cause inaccurate times.
  • Supply counts are checked every 10 seconds.